 Dungeon Crawl Stone Soup version 0.21-a0-582-g1b93aee (webtiles) character file.

12 vishdafish the Charmwright (level 2, 0/22 HPs)
             Began as a Demonspawn Skald on Dec 19, 2017.
             Slain by a hobgoblin
             ... wielding a +0 club
              (5 damage)
             ... on level 1 of the Dungeon.
             The game lasted 00:00:39 (228 turns).

vishdafish the Charmwright (Demonspawn Skald)        Turns: 228, Time: 00:00:40

Health: 0/22       AC:  4    Str: 11    XL:     2   Next: 20%
Magic:  5/5        EV: 12    Int: 14    God:
Gold:   26         SH:  0    Dex: 12    Spells: 4/5 levels left

rFire    . . .     SeeInvis .   a - +0 spear
rCold    . . .     Gourm    .   (no shield)
rNeg     . . .     Faith    .   b - +0 leather armour
rPois    .         Spirit   .   (no helmet)
rElec    .         Reflect  .   e - +0 cloak
rCorr    .         Harm     .   (no gloves)
MR       .....                  (no boots)
Stlth    +.........             (no amulet)
HPRegen  0.07/turn              (no ring)
MPRegen  0.09/turn              (no ring)

@: no status effects
A: talons 1
a: no special abilities


You were on level 1 of the Dungeon.
You were not hungry.

You visited 1 branch of the dungeon, and saw 1 of its levels.

You collected 26 gold pieces.

Inventory:

Hand Weapons
 a - a +0 spear (weapon)
Armour
 b - a +0 leather armour (worn)
 e - a +0 cloak (worn)
Books
 c - a book of Battle

   Spells                             Type                      Level
   a - Infusion                       Charms                       1
   b - Shroud of Golubria             Charms/Translocation         2
   c - Song of Slaying                Charms                       2
   d - Spectral Weapon                Hexes/Charms                 3
   e - Regeneration                   Charms/Necromancy            3
Comestibles
 d - a ration


   Skills:
 - Level 2.0 Fighting
 * Level 2.1 Polearms
 + Level 1.1 Armour
 + Level 2.0 Dodging
 - Level 2.0 Spellcasting
 + Level 2.8 Charms


You had 4 spell levels left.
You knew the following spells:

 Your Spells              Type           Power        Failure   Level  Hunger
a - Infusion              Chrm           #...         10%         1    ##.....


Dungeon Overview and Level Annotations

Branches:
Dungeon (1/15)

Altars:


Innate Abilities, Weirdness & Mutations

You have sharp toenails.


Message History

You hit the dart slug. You claw the dart slug.
You kill the dart slug!
The hobgoblin closely misses you.
The frilled lizard bites you but does no damage.
You completely miss the hobgoblin.
You claw the hobgoblin, but do no damage.
The hobgoblin is lightly wounded.
The hobgoblin barely misses you. The frilled lizard closely misses you.
You hit the hobgoblin.
The hobgoblin is heavily wounded.
The hobgoblin hits you but does no damage.
The frilled lizard bites you but does no damage.
You closely miss the hobgoblin. Your kick misses the hobgoblin.
The hobgoblin is heavily wounded.
The hobgoblin hits you but does no damage.
The frilled lizard completely misses you.
You hit the hobgoblin but do no damage.
The hobgoblin is heavily wounded.
The frilled lizard misses you. The hobgoblin hits you with a club.
You die...

#.# #$# # ..# (.
#.# .[# #.# .###
#.#
..#..######.######
.....s...........#
......g@....####.#
..##.#l###### #.#
$.. #.# #..# #.#
##. #.####### ##
## #........ ..
#..######
.####.####..# #
......).....# ###


You could see a giant cockroach, a hobgoblin and a frilled lizard.

Vanquished Creatures
  A dart slug (D:1)
  2 goblins (D:1)
  A hobgoblin (D:1)
  3 jackals (D:1)
  A bat (D:1)
  A rat (D:1)
9 creatures vanquished.

Notes
Turn   | Place    | Note
-------+----------+-------------------------------------------
     0 | D:1      | vishdafish the Demonspawn Skald began the quest for the Orb.
     0 | D:1      | Reached XP level 1. HP: 16/16 MP: 3/3
   100 | D:1      | Reached skill level 1 in Armour
   176 | D:1      | Gained mutation: You have sharp toenails. [demonic ancestry]
   176 | D:1      | Reached XP level 2. HP: 12/22 MP: 5/5
   228 | D:1      | Slain by a hobgoblin

Vault maps used:
D:1:      minmay_arrival_widening_spiral_wide, minmay_pentomino_x2

Skill      XL: |  1  2 |
---------------+-------+-----
Armour         | 1 |  1.1
Polearms       | 2 |  2.1
Dodging        | 2 |  2.0
Fighting       | |  2.0
Spellcasting   | |  2.0
Charms         | |  2.8

Action                   || total
-------------------------++-------
Melee: Spear             ||    43
       Kick              ||     2
 Cast: Infusion          ||     1
Armor: Leather armour    ||    13
Dodge: Dodged            ||    33

Table legend:
 A = Spawn XP
 B = Non-spawn XP
 C = Spawn XP percentage of total XP
 D = Spawn monster count
 E = Non-spawn monster count
 F = Spawn count percentage of total count
 G = Total turns spent on level
                    A         B        C        D         E        F      G
               +---------+---------+-------+---------+---------+-------+---------
         Total |       0 |      18 |   0.0 |       0 |       9 |   0.0 |   228
               +---------+---------+-------+---------+---------+-------+---------
           D:1 |       0 |      18 |   0.0 |       0 |       9 |   0.0 |   228
               +---------+---------+-------+---------+---------+-------+---------
